Map: Shrines of Lizul

Players

Gouki

  • Race: Zerg Zerg
  • Spawn Location: 12:00

SonnyMacaw

  • Race: Terran Terran
  • League: Bronze
  • Spawn Location: 3:00

ILIEKEGGPIE

  • Race: Zerg Zerg
  • League: Platinum
  • Spawn Location: 9:00

Schism

  • Race: Protoss Protoss
  • Spawn Location: 6:00

VOD

Have the link to the VOD?

Description

Time

  • Played on: May 22, 2018, 8:11 p.m.
  • Length: 7:14
Show
View Real Time Build Order
Export as new Build Order

Gouki Zerg 

Build Orders: Hatch First 

Get SALT Encoding   

  12  0:02  Drone  
  13  0:11  Drone  
  14  0:17  Extractor  
  14  0:18  Drone  
  15  0:44  Hatchery, Extractor  
  15  0:45  Drone  
  14  1:01  Spawning Pool  
  13  1:04  Drone  
  14  1:25  Overlord  
  14  1:48  Metabolic Boost  
  14  1:49  Queen  
  14  1:50  Zergling x4  
  14  1:53  Zergling x2  
  19  1:57  Zergling x2  
  20  2:02  Zergling x2  
  21  2:17  Zergling x4  
  21  2:18  Zergling x2  
  24  2:25  Overlord  
  24  2:33  Zergling x2  
  24  2:34  Zergling x2  
  24  3:04  Drone, Zergling x12  
  24  3:05  Zergling x2  
  30  3:20  Zergling x4  
  27  3:50  Zergling x4  
  27  3:51  Zergling x10  
  32  3:57  Drone  
  32  4:17  Drone x3  
  32  4:18  Overlord  
  32  4:33  Drone x3  
  35  4:39  Lair  
  33  4:58  Drone x6  
  36  5:01  Baneling Nest  
  36  5:05  Drone x3  
  38  5:07  Queen  
  40  5:19  Zergling x4  
  42  5:38  Zergling x2  
  42  5:39  Overlord x2  
  43  5:59  Baneling  
  43  6:01  Baneling  
  43  6:02  Baneling x2  
  43  6:04  Zergling x8  
  43  6:05  Zergling x4  
  49  6:11  Drone  
  49  6:12  Drone x2  
  39  7:08  Hydralisk Den  
Show
View Real Time Build Order
Export as new Build Order

SonnyMacaw Terran 

Build Orders: MMM Bio 

Get SALT Encoding   

  12  0:01  SCV  
  13  0:14  SCV  
  14  0:26  Supply Depot, SCV  
  15  0:33  Refinery  
  15  0:49  Barracks  
  15  0:57  Barracks  
  15  1:01  SCV  
  16  1:13  SCV  
  16  1:16  Supply Depot  
  17  1:33  SCV  
  17  1:37  Marine  
  19  1:45  SCV, Barracks Tech Lab  
  20  1:59  Barracks Reactor  
  20  2:01  Orbital Command  
  20  2:09  Barracks  
  20  2:15  Stimpack  
  20  2:23  Supply Depot  
  20  2:26  Marine  
  21  2:35  Marine x2  
  23  2:45  Supply Depot  
  23  2:52  Marine  
  23  2:53  Marine  
  23  2:58  Barracks Reactor  
  25  2:59  Marine  
  26  3:08  Supply Depot  
  26  3:09  Marine, SCV  
  28  3:23  Marine x2  
  30  3:27  Marine  
  30  3:33  Supply Depot  
  31  3:36  Marine x2  
  31  3:41  Marine x2  
  33  3:45  Marine  
  34  4:08  Marine x3  
  34  4:09  Marine x2  
  33  4:17  Combat Shields  
  33  4:26  Marine x3  
  33  4:27  Marine x2  
  33  4:28  Barracks  
  38  4:44  Marine  
  21  5:23  Marine x3  
  21  5:24  Marine x3  
  27  5:41  Marine x4  
  27  5:42  Marine x2  
  33  5:45  Command Center  
  33  5:59  Marine x2  
  33  6:02  Marine x3  
  33  6:03  Marine  
  39  6:12  Supply Depot  
  39  6:17  Marine x2  
  41  6:19  Factory  
  41  6:20  Marine x4  
  45  6:34  Marine  
  45  6:35  Supply Depot  
  45  6:38  Marine x5  
  51  6:52  Marine  
  50  6:56  Marine  
Show
View Real Time Build Order
Export as new Build Order

ILIEKEGGPIE Zerg 

Build Orders: Pool First 

Get SALT Encoding   

  12  0:02  Drone  
  13  0:15  Drone  
  13  0:20  Overlord  
  14  0:38  Drone  
  15  0:43  Spawning Pool  
  15  0:45  Drone x2  
  16  0:55  Drone  
  17  0:57  Extractor  
  16  1:08  Drone  
  17  1:33  Queen  
  17  1:38  Hatchery  
  18  1:47  Zergling x2  
  18  1:48  Zergling x4  
  21  2:04  Drone  
  21  2:08  Metabolic Boost  
  22  2:18  Overlord  
  22  2:36  Queen  
  24  2:50  Queen  
  24  2:53  Zergling x10  
  24  2:54  Zergling x2  
  29  3:36  Zergling x2  
  29  3:37  Overlord, Zergling x10  
  33  4:03  Drone  
  33  4:04  Drone x2  
  33  4:07  Roach Warren  
  31  4:33  Drone x3  
  31  4:37  Lair  
  34  4:42  Drone x4  
  34  4:43  Drone x4  
  40  5:00  Drone  
  40  5:01  Queen  
  40  5:07  Overlord, Extractor  
  37  5:26  Drone x2  
  37  5:27  Drone  
  40  5:43  Glial Reconstitution  
  40  5:47  Overlord x2  
  40  6:01  Drone  
  41  6:11  Hatchery  
  40  6:22  Roach  
  40  6:23  Roach x8  
  58  6:33  Overlord x2  
Show
View Real Time Build Order
Export as new Build Order

Schism Protoss 

Build Orders: Cannon Rush 

Get SALT Encoding   

  12  0:01  Probe  
  13  0:13  Probe  
  14  0:26  Pylon  
  14  0:27  Probe  
  15  0:46  Probe  
  15  0:47  Forge  
  16  0:56  Pylon  
  16  0:58  Probe  
  16  1:00  Pylon  
  17  1:23  Photon Cannon  
  17  1:24  Probe  
  18  1:34  Photon Cannon  
  18  1:38  Photon Cannon  
  18  1:44  Photon Cannon  
  18  1:52  Gateway  
  18  1:53  Probe  
  19  2:01  Assimilator  
  19  2:05  Probe  
  20  2:17  Probe  
  21  2:29  Probe  
  22  2:34  Nexus  
  22  2:40  Probe  
  23  2:48  Probe  
  23  2:53  Assimilator  
  23  2:56  Probe  
  25  3:06  Cybernetics Core  
  25  3:08  Probe  
  25  3:10  Pylon  
  26  3:13  Pylon  
  26  3:33  Stalker  
  26  3:40  Photon Cannon  
  28  3:48  Photon Cannon  
  28  3:51  Photon Cannon  
  28  3:54  Pylon  
  28  3:57  Photon Cannon  
  26  4:20  Stalker  
  28  4:38  Nexus  
  26  4:50  Probe  
  27  4:57  Stalker  
  27  5:02  Probe  
  30  5:11  Photon Cannon  
  30  5:21  Stalker  
  30  5:25  Probe  
  33  5:37  Probe  
  34  5:46  Photon Cannon  
  34  5:47  Pylon  
  34  5:48  Probe  
  35  5:50  Probe  
  35  5:51  Stalker  
  35  5:56  Probe  
  38  5:59  Probe  
  40  6:04  Probe  
  40  6:07  Probe  
  42  6:15  Probe  
  42  6:16  Probe  
  43  6:21  Stalker  
  43  6:23  Probe  
  43  6:24  Assimilator  
  46  6:27  Assimilator  
  46  6:28  Probe  
  46  6:31  Pylon  
  48  6:34  Pylon  
  48  6:35  Probe  
  49  6:40  Probe  
  50  6:47  Probe  
Tags
 
Add a new tag
Caveats
  • Supply blocks, unpowered buildings, or Contaminate may cause inaccurate times.
  • Supply counts are checked every 10 seconds.